[Event "January 2 Late 2024"]
[Site "https://www.chess.com"]
[Date "2024.01.02"]
[Round "2"]
[White "Tari, Aryan"]
[Black "Gubajdullin, Alexei"]
[Result "0-1"]
[Board "41"]
[TimeControl "180+1"]
[WhiteFideId "1510045"]
[BlackFideId "4141202"]
[WhiteElo "2920"]
[BlackElo "2590"]
[WhiteTeam "NOR"]
[BlackTeam "RUS"]
[WhiteClock "0:00:00"]
[BlackClock "0:00:39"]

1. c4 Nf6 2. Nc3 g6 3. g3 Bg7 4. Bg2 O-O 5. d4 d6 6. Nf3 Nbd7 7. O-O e5 8. b3 c6 9. e4 Re8 10. Re1 a5 11. dxe5 dxe5 12. Ba3 Bf8 13. Bxf8 Kxf8 14. Qd2 Kg7 15. Rad1 Qe7 16. Na4 Nc5 17. Nb6 Ra6 18. Nxc8 Rxc8 19. Qb2 Re8 20. Nh4 Nfd7 21. f4 Ne6 22. Nf3 f6 23. Bh3 exf4 24. gxf4 Ndc5 25. f5 Nf4 26. Bf1 Nxe4 27. Qc1 Qc5+ 28. Rd4 Ng5 29. Qxf4 Nxf3+ 30. Kh1 Nxe1 31. fxg6 hxg6 32. Rd7+ Re7 0-1

[Event "January 2 Late 2024"]
[Site "https://www.chess.com"]
[Date "2024.01.02"]
[Round "2"]
[White "Zomorrodian, Eilia"]
[Black "Zhigalko, Sergei"]
[Result "0-1"]
[Board "42"]
[TimeControl "180+1"]
[WhiteFideId "12551805"]
[BlackFideId "13502956"]
[WhiteElo "2588"]
[BlackElo "2918"]
[WhiteTeam "CAN"]
[BlackTeam "BLR"]
[WhiteClock "0:00:30"]
[BlackClock "0:00:07"]

1. e4 c5 2. Nf3 Nc6 3. Bb5 Nf6 4. Bxc6 dxc6 5. e5 Nd5 6. O-O h6 7. h3 Bf5 8. d3 g5 9. Re1 Bg7 10. Nbd2 Nc7 11. a4 Ne6 12. Ne4 c4 13. Ng3 Bg6 14. d4 Qd5 15. c3 Rd8 16. Nf1 Qd7 17. Ne3 b5 18. axb5 cxb5 19. b3 cxb3 20. Qxb3 O-O 21. Ba3 a5 22. Rad1 Nf4 23. c4 b4 24. Bb2 Rb8 25. d5 a4 26. Qa2 a3 27. e6 Qa4 28. Bxg7 Kxg7 29. Qa1+ f6 30. d6 b3 31. dxe7 Rfe8 32. Qc3 Qb4 33. Qd4 b2 34. Ng4 Qxe7 35. Qc3 b1=Q 36. Rxb1 Rxb1 37. Rxb1 Ne2+ 0-1

[Event "January 2 Late 2024"]
[Site "https://www.chess.com"]
[Date "2024.01.02"]
[Round "2"]
[White "Harsha Bharathakoti"]
[Black "Andrews, Todd"]
[Result "1-0"]
[Board "43"]
[TimeControl "180+1"]
[WhiteFideId "5078776"]
[BlackFideId "2012456"]
[WhiteElo "2915"]
[BlackElo "2588"]
[WhiteTeam "IND"]
[BlackTeam "USA"]
[WhiteClock "0:00:33"]
[BlackClock "0:00:15"]

1. e4 e6 2. d4 d5 3. Nc3 Bb4 4. e5 c5 5. a3 Bxc3+ 6. bxc3 Ne7 7. h4 Qc7 8. h5 h6 9. Nf3 Bd7 10. a4 Nbc6 11. Ba3 c4 12. Be2 O-O 13. Qd2 f6 14. Bd6 Qa5 15. g4 fxe5 16. Nxe5 Nxe5 17. dxe5 Rf7 18. f4 Raf8 19. O-O Qb6+ 20. Qd4 Qxd4+ 21. cxd4 Re8 22. c3 Nc8 23. Bb4 Nb6 24. a5 Na4 25. Ra2 b5 26. axb6 axb6 27. Bd1 b5 28. Bc2 Ra8 29. Bg6 Rff8 30. Bxf8 Kxf8 31. Ra3 Rb8 32. Rb1 Ke7 33. Kf2 Rf8 34. Ke3 Bc6 35. Bc2 Ra8 36. f5 Kd7 37. Kf4 Rf8 38. Bxa4 bxa4 39. Rb6 Kc7 40. Rxc6+ Kxc6 41. Rxa4 exf5 42. gxf5 Rb8 43. Ra6+ Kb5 44. Ra7 Rg8 45. e6 Kb6 46. Rf7 Kc6 47. Ke5 Ra8 48. Rxg7 Ra1 49. e7 Re1+ 50. Kf6 Kd7 51. Rg8 Rxe7 52. Rg7 Rxg7 53. Kxg7 Kd6 54. f6 Ke6 55. f7 Kf5 56. f8=Q+ Ke4 57. Qf7 Kd3 58. Qxd5 Kxc3 59. Qc5 Kd3 60. d5 c3 61. d6 c2 62. d7 Ke4 63. d8=Q Kf3 64. Qf5+ Kg3 65. Qdd3+ Kh4 66. Qdh3# 1-0

[Event "January 2 Late 2024"]
[Site "https://www.chess.com"]
[Date "2024.01.02"]
[Round "2"]
[White "Avramidou, Anastasia"]
[Black "Liascovich, Lucas"]
[Result "0-1"]
[Board "44"]
[TimeControl "180+1"]
[WhiteFideId "4239873"]
[BlackFideId "108634"]
[WhiteElo "2587"]
[BlackElo "2910"]
[WhiteTeam "GRE"]
[BlackTeam "ARG"]
[WhiteClock "0:00:03"]
[BlackClock "0:00:18"]

1. Nf3 Nf6 2. d4 g6 3. c4 Bg7 4. Nc3 d5 5. h4 c6 6. Bf4 O-O 7. e3 Bg4 8. Qb3 Qb6 9. Ne5 Be6 10. c5 Qxb3 11. axb3 Nfd7 12. Nxd7 Nxd7 13. f3 b6 14. b4 a5 15. b5 bxc5 16. bxc6 cxd4 17. Nb5 Nc5 18. exd4 Nb3 19. Ra4 Rfc8 20. c7 Bd7 21. Bd3 Bxb5 22. Bxb5 Ra7 23. O-O Bxd4+ 24. Kh2 e5 25. Bh6 Raxc7 26. Ra3 Nc5 27. Rxa5 Bxb2 28. Rb1 Bd4 29. Be2 e4 30. Bf4 Rd7 31. Rc1 Rdd8 32. Rb5 Ne6 33. Rxc8 Rxc8 34. Bg3 Rd8 35. Rb7 Bg7 36. Rb5 d4 37. fxe4 d3 38. Bd1 h5 39. Rb7 Nc5 40. Rb5 Nxe4 41. Ra5 Nc3 42. Bb3 d2 43. Ra7 d1=Q 44. Bxd1 Nxd1 45. Bc7 Re8 46. Bf4 Ne3 47. g3 Ng4+ 48. Kg2 Nf6 49. Kf3 Nd5 50. Bd6 Bf8 51. Bxf8 Rxf8 52. Rd7 Nf6 53. Rb7 Ng4 54. Kf4 Kg7 55. Ra7 Re8 56. Kf3 Re6 57. Rb7 Rf6+ 58. Kg2 Rf2+ 59. Kg1 Ra2 60. Rb3 Ne5 61. Re3 f6 62. Rc3 g5 63. hxg5 fxg5 64. Kh1 Kf6 65. Kg1 Kf5 66. Kf1 Kg4 67. Kg1 Kh3 68. g4+ Kxg4 69. Kh1 h4 70. Kg1 h3 71. Kh1 Re2 72. Ra3 Kh4 73. Rc3 Ng4 74. Rc1 Rh2+ 75. Kg1 Rg2+ 76. Kf1 Ne3+ 77. Ke1 h2 0-1

[Event "January 2 Late 2024"]
[Site "https://www.chess.com"]
[Date "2024.01.02"]
[Round "2"]
[White "Ibarra Jerez, Jose Carlos"]
[Black "Shubenkova, Veronika"]
[Result "1-0"]
[Board "45"]
[TimeControl "180+1"]
[WhiteFideId "2226332"]
[BlackFideId "44124040"]
[WhiteElo "2904"]
[BlackElo "2586"]
[WhiteTeam "ESP"]
[BlackTeam "RUS"]
[WhiteClock "0:01:54"]
[BlackClock "0:01:34"]

1. e4 e6 2. d4 d5 3. Nc3 Nf6 4. Bg5 Be7 5. e5 Nfd7 6. Bxe7 Qxe7 7. Qg4 g6 8. Nf3 a6 9. O-O-O b5 10. h4 h5 11. Qf4 Bb7 12. Ng5 Nb6 13. Rh3 c5 14. dxc5 Nc4 15. b3 Na5 16. Rf3 d4 17. Nce4 Bxe4 18. Nxe4 O-O 19. Qh6 Nd7 20. Nf6+ 1-0

[Event "January 2 Late 2024"]
[Site "https://www.chess.com"]
[Date "2024.01.02"]
[Round "2"]
[White "Tang, Andrew"]
[Black "Palczert, Matyas"]
[Result "1-0"]
[Board "46"]
[TimeControl "180+1"]
[WhiteFideId "2059630"]
[BlackFideId "784958"]
[WhiteElo "2900"]
[BlackElo "2581"]
[WhiteTeam "USA"]
[BlackTeam "HUN"]
[WhiteClock "0:01:25"]
[BlackClock "0:01:05"]

1. d4 Nf6 2. c4 c5 3. d5 b5 4. cxb5 a6 5. e3 g6 6. Nc3 Bg7 7. Nf3 O-O 8. a4 axb5 9. Bxb5 d6 10. O-O Na6 11. e4 Nc7 12. Be2 Ba6 13. Bg5 Rb8 14. Qd2 Rxb2 15. Qxb2 Nxe4 16. Bxa6 Bxc3 17. Qc2 Nxg5 18. Qxc3 Nxf3+ 19. Qxf3 Nxa6 20. a5 Qc7 21. Qe2 Nb4 22. a6 Qb6 23. a7 Ra8 24. Qxe7 Nxd5 25. Qe4 Nc7 26. Rfb1 Rxa7 27. Rxb6 Rxa1+ 28. Rb1 d5 29. Qc2 Rxb1+ 30. Qxb1 Ne6 31. Qb8+ Nf8 32. Qd6 d4 33. Qxc5 Ne6 34. Qd6 Kg7 35. g3 Kf6 36. Kg2 Kf5 37. h4 Ke4 38. Qe7 d3 39. Qxf7 d2 40. Qxe6+ Kd3 41. Qd5+ 1-0

[Event "January 2 Late 2024"]
[Site "https://www.chess.com"]
[Date "2024.01.02"]
[Round "2"]
[White "Aggelis, Nikolaos"]
[Black "Livaic, Leon"]
[Result "0-1"]
[Board "47"]
[TimeControl "180+1"]
[WhiteFideId "4213220"]
[BlackFideId "14531534"]
[WhiteElo "2579"]
[BlackElo "2893"]
[WhiteTeam "GRE"]
[BlackTeam "CRO"]
[WhiteClock "0:00:00"]
[BlackClock "0:00:41"]

1. c4 Nf6 2. g3 g6 3. Bg2 Bg7 4. Nf3 O-O 5. O-O d6 6. b3 e5 7. Bb2 Re8 8. d3 Nc6 9. Nbd2 h6 10. a3 a5 11. Qc2 Be6 12. Rfe1 Qd7 13. Rad1 Bh3 14. Ne4 Nxe4 15. dxe4 b6 16. Rd3 Bxg2 17. Kxg2 f5 18. Nh4 fxe4 19. Re3 g5 20. Ng6 Qf5 21. Qxe4 Qxe4+ 22. Rxe4 Kh7 23. Nh4 gxh4 24. Rxh4 Nd4 25. Bxd4 exd4 26. Kf1 Rab8 27. a4 Rbd8 28. Rh5 Re5 29. Rh4 c5 30. Rd1 d5 31. f4 Re3 32. Rd3 dxc4 33. bxc4 Rxd3 34. exd3 Re8 35. Rh5 Re3 36. Rd5 Rxd3 37. Rd6 Rc3 38. f5 Rf3+ 39. Ke2 Rxf5 40. Rxb6 Re5+ 41. Kd2 Re3 42. Rb5 Bf8 43. Rxa5 Rc3 44. Ra8 Kg7 45. a5 Rxc4 46. a6 Ra4 47. Kd3 Be7 48. h4 h5 49. Ke4 Kf7 50. a7 Ke6 51. Rh8 Rxa7 52. Rxh5 Ra3 53. Rh6+ Bf6 54. g4 Re3+ 55. Kf4 Kf7 56. g5 Be5+ 57. Kf5 d3 58. Rh7+ Ke8 0-1

[Event "January 2 Late 2024"]
[Site "https://www.chess.com"]
[Date "2024.01.02"]
[Round "2"]
[White "Rustemov, Alexander"]
[Black "AmanteDeMoi"]
[Result "1-0"]
[Board "48"]
[TimeControl "180+1"]
[WhiteFideId "4119002"]
[WhiteElo "2870"]
[BlackElo "2576"]
[WhiteTeam "RUS"]
[WhiteClock "0:00:20"]
[BlackClock "0:00:00"]

1. d4 g6 2. c4 Bg7 3. Nf3 d6 4. g3 e5 5. Nc3 Nc6 6. dxe5 Nxe5 7. Bg2 Nxf3+ 8. Bxf3 Ne7 9. O-O O-O 10. Bg2 Re8 11. Qc2 Nf5 12. e3 h5 13. b3 h4 14. Bb2 h3 15. Bh1 Be5 16. Nd5 c6 17. Nf4 Qf6 18. Bxe5 dxe5 19. Nxh3 Nh4 20. Bg2 Bf5 21. Qe2 Nxg2 22. Kxg2 Rad8 23. Rad1 g5 24. Ng1 Qg6 25. Rxd8 Rxd8 26. Rd1 Bd3 27. Qe1 g4 28. f3 f5 29. h3 e4 30. f4 b6 31. Rd2 c5 32. Qd1 gxh3+ 33. Nxh3 Rd7 34. Ng5 Qd6 35. Kf2 Qh6 36. Qg1 Qh5 37. g4 Qxg4 38. Qxg4 fxg4 39. Kg3 Kg7 40. Nxe4 Kg6 41. Nf2 Bf5 42. Rxd7 Bxd7 43. e4 Kh5 44. f5 Bc6 45. Nxg4 Kg5 46. Nf2 a5 47. a4 Be8 48. Kf3 Bh5+ 49. Ke3 1-0

[Event "January 2 Late 2024"]
[Site "https://www.chess.com"]
[Date "2024.01.02"]
[Round "2"]
[White "Kokoszczynski, Jan"]
[Black "Kukhmazov, Arsen"]
[Result "0-1"]
[Board "49"]
[TimeControl "180+1"]
[WhiteFideId "1174460"]
[BlackFideId "24108260"]
[WhiteElo "2574"]
[BlackElo "2866"]
[WhiteTeam "POL"]
[BlackTeam "FID"]
[WhiteClock "0:02:14"]
[BlackClock "0:02:11"]

1. e4 e5 2. Nf3 Nc6 3. d4 exd4 4. Nxd4 Bb4+ 5. c3 Bc5 6. Be3 Bb6 7. Bc4 Nf6 8. Nd2 O-O 9. Qf3 Ne5 10. Qf4 d6 11. Bb3 Nd3+ 0-1

[Event "January 2 Late 2024"]
[Site "https://www.chess.com"]
[Date "2024.01.02"]
[Round "2"]
[White "Sanal, Vahap"]
[Black "Richter, Paul"]
[Result "1-0"]
[Board "50"]
[TimeControl "180+1"]
[WhiteFideId "6300545"]
[BlackFideId "2046350"]
[WhiteElo "2865"]
[BlackElo "2570"]
[WhiteTeam "TUR"]
[BlackTeam "USA"]
[WhiteClock "0:02:03"]
[BlackClock "0:00:47"]

1. e4 c5 2. Nc3 a6 3. g3 b5 4. Bg2 Bb7 5. d3 e6 6. Nh3 b4 7. Ne2 Nf6 8. O-O d5 9. Nef4 dxe4 10. Ng5 Be7 11. Nh5 O-O 12. Nxf6+ Bxf6 13. Nxe4 Bxe4 14. Bxe4 Ra7 15. Qh5 g6 16. Qxc5 Qe7 17. Be3 Rc7 18. Qxe7 Bxe7 19. Rfc1 Rfc8 20. Bf4 Rc5 21. c3 bxc3 22. bxc3 Nd7 23. c4 a5 24. Rab1 Bf6 25. Bd6 Rh5 26. Bb7 Rd8 27. Bf3 Rf5 28. Be4 Rh5 29. c5 Ne5 30. c6 1-0

[Event "January 2 Late 2024"]
[Site "https://www.chess.com"]
[Date "2024.01.02"]
[Round "2"]
[White "Banerjee, Supratit"]
[Black "Szpar, Milosz"]
[Result "0-1"]
[Board "51"]
[TimeControl "180+1"]
[WhiteFideId "2410079"]
[BlackFideId "1184989"]
[WhiteElo "2570"]
[BlackElo "2863"]
[WhiteTeam "SCO"]
[BlackTeam "POL"]
[WhiteClock "0:00:18"]
[BlackClock "0:00:57"]

1. e4 e6 2. d4 d5 3. exd5 exd5 4. Bd3 c5 5. c3 Nc6 6. Nf3 Nf6 7. O-O Be7 8. dxc5 Bxc5 9. Bg5 O-O 10. Nbd2 h6 11. Bh4 Bb6 12. Rc1 Be6 13. Re1 Re8 14. Nb3 g5 15. Bg3 Nh5 16. Nfd4 Nxg3 17. hxg3 Qf6 18. Re3 Ne5 19. Be2 Bd7 20. Qf1 Re7 21. Re1 Rae8 22. Bb5 Bc6 23. a4 a6 24. Bxc6 bxc6 25. a5 Ba7 26. f4 Ng4 27. Rxe7 Rxe7 28. Rxe7 Qxe7 29. Kh1 gxf4 30. Nxc6 Qg5 31. Ne7+ Qxe7 32. Nd4 Bxd4 33. cxd4 fxg3 34. Kg1 Qe3+ 35. Kh1 Qxd4 36. b4 Nf2+ 37. Kg1 Nd3+ 38. Kh1 Qh4+ 39. Kg1 Qh2# 0-1

[Event "January 2 Late 2024"]
[Site "https://www.chess.com"]
[Date "2024.01.02"]
[Round "2"]
[White "Batsuren, Dambasuren"]
[Black "Cervantes Landeiro, Thalia"]
[Result "1-0"]
[Board "52"]
[TimeControl "180+1"]
[WhiteFideId "4902920"]
[BlackFideId "3520498"]
[WhiteElo "2862"]
[BlackElo "2567"]
[WhiteTeam "MGL"]
[BlackTeam "USA"]
[WhiteClock "0:00:35"]
[BlackClock "0:00:00"]

1. d4 Nf6 2. c4 g6 3. g3 Bg7 4. Bg2 d5 5. cxd5 Nxd5 6. Nf3 Nb6 7. O-O O-O 8. Nc3 Nc6 9. e3 Re8 10. Re1 a6 11. h3 e5 12. d5 Na5 13. e4 Nac4 14. b3 Nd6 15. a4 a5 16. Ba3 f5 17. exf5 gxf5 18. Qd2 e4 19. Nd4 Qf6 20. Rad1 Bd7 21. Bc5 Bh6 22. Qe2 e3 23. f4 Ne4 24. Nxe4 fxe4 25. d6 Nd5 26. dxc7 Nxc7 27. Nb5 Bxb5 28. axb5 Ne6 29. Bxe3 Rad8 30. Qc4 Kf7 31. Qxe4 1-0

[Event "January 2 Late 2024"]
[Site "https://www.chess.com"]
[Date "2024.01.02"]
[Round "2"]
[White "Manukian, Artak"]
[Black "Mahdavi, Reza"]
[Result "0-1"]
[Board "53"]
[TimeControl "180+1"]
[WhiteFideId "13301373"]
[BlackFideId "12595926"]
[WhiteElo "2567"]
[BlackElo "2861"]
[WhiteTeam "ARM"]
[BlackTeam "IRI"]
[WhiteClock "0:00:00"]
[BlackClock "0:00:09"]

1. e4 c6 2. d4 d5 3. e5 Bf5 4. c4 e6 5. Nc3 Bb4 6. Nf3 Ne7 7. Qb3 a5 8. a3 dxc4 9. Bxc4 Bxc3+ 10. bxc3 a4 11. Qxb7 Nd7 12. Qb2 O-O 13. O-O h6 14. Qd2 Qa5 15. Bd3 c5 16. Bxf5 Nxf5 17. d5 exd5 18. Qxd5 Nb6 19. Qe4 Ne7 20. Bd2 Qa6 21. e6 Nc4 22. exf7+ Rxf7 23. Bf4 Raf8 24. Bg3 Nf5 25. Qd5 Kh8 26. Qxc5 Rc8 27. Qd5 Qb7 28. Qxb7 Rxb7 29. Nd4 Nxd4 30. cxd4 Rd8 31. Rfd1 Rb3 32. d5 Nxa3 33. d6 Nb5 34. Rxa4 Nc3 35. Rad4 Nxd1 36. Rxd1 Kg8 37. h4 Kf7 38. Kh2 Rd7 39. f3 Rb2 40. Kh3 Re2 41. Bf4 Ke6 42. Kg3 Kf6 43. Rd5 Ke6 44. Rd4 Rb7 45. h5 Kd7 46. Kh3 Re1 0-1

[Event "January 2 Late 2024"]
[Site "https://www.chess.com"]
[Date "2024.01.02"]
[Round "2"]
[White "Melkumyan, Hrant"]
[Black "Lymar, Vladislav"]
[Result "1-0"]
[Board "54"]
[TimeControl "180+1"]
[WhiteFideId "13302485"]
[BlackFideId "14162180"]
[WhiteElo "2857"]
[BlackElo "2564"]
[WhiteTeam "ARM"]
[BlackTeam "UKR"]
[WhiteClock "0:00:46"]
[BlackClock "0:00:05"]

1. Nf3 f5 2. d3 Nf6 3. Nc3 d5 4. d4 e6 5. Bf4 Be7 6. e3 O-O 7. Bd3 Ne4 8. Ne2 Bd7 9. O-O Be8 10. Ne5 Bh5 11. f3 g5 12. Bg3 Nf6 13. c4 c6 14. b4 Nbd7 15. b5 Nxe5 16. Bxe5 Nd7 17. Bg3 Rc8 18. bxc6 Rxc6 19. cxd5 exd5 20. Qb3 Nb6 21. Rfc1 Qd7 22. Be5 Bd6 23. Ng3 Bg6 24. f4 Bxe5 25. dxe5 Kg7 26. Ne2 Rfc8 27. Rxc6 bxc6 28. Qc3 Kg8 29. Qc5 Qd8 30. Nd4 gxf4 31. exf4 Qh4 32. g3 Qg4 33. Be2 Qh3 34. Qd6 c5 35. Nc6 Kg7 36. Qf6+ Kh6 37. Ne7 Re8 38. Bd3 d4 39. Nxf5+ Kh5 40. Qg5# 1-0

[Event "January 2 Late 2024"]
[Site "https://www.chess.com"]
[Date "2024.01.02"]
[Round "2"]
[White "Remizov, Yaroslav"]
[Black "Lund, Gunnar"]
[Result "0-1"]
[Board "55"]
[TimeControl "180+1"]
[WhiteFideId "34134015"]
[BlackFideId "1520814"]
[WhiteElo "2855"]
[BlackElo "2564"]
[WhiteTeam "RUS"]
[BlackTeam "NOR"]
[WhiteClock "0:00:00"]
[BlackClock "0:00:04"]

1. e4 d6 2. d4 Nf6 3. Nc3 e5 4. Nf3 exd4 5. Nxd4 Be7 6. Be2 O-O 7. O-O Re8 8. f4 c5 9. Nb3 Nc6 10. Bf3 Bf8 11. Kh1 Nb4 12. a3 Nc6 13. Bd2 Nd4 14. Be1 Nxf3 15. Qxf3 Bg4 16. Qd3 Nxe4 17. Nxe4 Bf5 18. Nbd2 d5 19. Rd1 dxe4 20. Qe2 Qc8 21. h3 Qc6 22. Nc4 f6 23. Ne3 Be6 24. Bc3 Rad8 25. f5 Bf7 26. Qg4 b5 27. b3 b4 28. Bb2 bxa3 29. Bxa3 c4 30. Bxf8 Rxf8 31. bxc4 Bxc4 32. Rfe1 Bf7 33. Ra1 Rd7 34. Qg3 Rfd8 35. Ra3 Kh8 36. Rea1 Qc5 37. Kh2 Re8 38. Ra5 Qd4 39. R5a4 Qb6 40. Ra6 Qb7 41. R6a5 Ree7 42. Rxa7 Qxa7 43. Rxa7 Rxa7 44. Qb8+ Bg8 45. c4 Rab7 46. Qd8 Red7 47. Qc8 Rbc7 48. Qa8 Ra7 49. Qb8 Rab7 50. Qf4 Rbc7 51. Qxe4 Re7 52. Qf4 Re5 53. Qd4 Rce7 54. Nd5 Bxd5 55. cxd5 Rd7 56. d6 Re8 57. Qc5 Red8 58. Qb5 Rxd6 59. Qb3 Rd5 60. Qf3 Rd3 61. Qe4 R3d4 62. Qe7 R4d7 63. Qe6 Rd6 64. Qe7 R6d7 65. Qe6 Rc7 66. Qb6 Rcc8 67. h4 Re8 68. Kh3 Rc3+ 69. g3 Rcc8 70. h5 Rb8 71. Qc6 h6 72. g4 Rbc8 73. Qb5 Re3+ 74. Kh4 Rcc3 75. Qf1 Rf3 76. Qg2 Kh7 77. Qh2 Rc4 78. Qg2 Rff4 79. Kh3 Rc3+ 80. Kh4 Rcc4 81. Qe2 Rxf5 82. Qxc4 Re5 83. Qd3+ Kg8 84. Kg3 Kf7 85. Kf4 Kf8 86. Qh7 Kf7 87. Qh8 Rg5 88. Qc8 Re5 89. Kf3 Rg5 90. Ke4 Re5+ 91. Kd4 Rg5 92. Qc4+ Kf8 93. Qe6 Re5 94. Qc8+ Kf7 95. Qh8 Rg5 96. Qd8 Rxg4+ 97. Kc5 Rg5+ 98. Kd6 Re5 99. Qh8 Rxh5 100. Qc8 Re5 101. Kd7 Re7+ 102. Kd6 Re5 103. Qc4+ Kg6 104. Qg4+ Rg5 105. Qe4+ Kf7 106. Kd7 Re5 107. Qh7 h5 108. Qh8 Rd5+ 109. Kc6 Re5 110. Kd6 Re6+ 111. Kd5 Re5+ 112. Kd6 Re6+ 113. Kc5 Re5+ 114. Kd4 Rg5 115. Qh7 Rg4+ 116. Kd5 Rg5+ 117. Kd6 Re5 118. Qc2 Kg8 119. Qg6 Rg5 120. Qe8+ Kh7 121. Qe4+ Kh6 122. Qe8 Re5 123. Qf7 h4 0-1

[Event "January 2 Late 2024"]
[Site "https://www.chess.com"]
[Date "2024.01.02"]
[Round "2"]
[White "Mekhitarian, Krikor Sevag"]
[Black "Grinev, Valeriy"]
[Result "1-0"]
[Board "56"]
[TimeControl "180+1"]
[WhiteFideId "2107660"]
[BlackFideId "14117517"]
[WhiteElo "2842"]
[BlackElo "2563"]
[WhiteTeam "BRA"]
[BlackTeam "UKR"]
[WhiteClock "0:00:17"]
[BlackClock "0:00:10"]

1. Nf3 c5 2. c4 Nc6 3. Nc3 e5 4. e3 Nf6 5. d4 e4 6. d5 exf3 7. dxc6 dxc6 8. Qxd8+ Kxd8 9. gxf3 Be6 10. b3 Be7 11. Bb2 Nd7 12. O-O-O Bf6 13. f4 Ke7 14. Bd3 g6 15. h4 h5 16. Ne4 Bxb2+ 17. Kxb2 Bg4 18. Rd2 Bf3 19. Rg1 Bxe4 20. Bxe4 Rad8 21. Bf3 Nf6 22. Rxd8 Rxd8 23. Kc2 Ke6 24. Rg5 Kd6 25. f5 Nh7 26. Rg1 gxf5 27. Rg7 Nf6 28. Rxf7 Ng4 29. Rxf5 Nxf2 30. Bxh5 Rh8 31. Rxf2 Rxh5 32. Rh2 Ke5 33. Kd3 Kf5 34. Rh1 Kg6 35. Ke4 Rh8 36. h5+ Kh6 37. Rh3 Re8+ 38. Kf5 Rd8 39. e4 Rd2 40. e5 Rf2+ 41. Ke6 Rxa2 42. Kd6 Rd2+ 43. Kxc5 Re2 44. Kd6 b5 45. c5 a5 46. e6 a4 47. bxa4 bxa4 48. e7 Kg7 49. h6+ Kh7 50. Kd7 Rd2+ 51. Kxc6 Re2 52. Kd6 Rd2+ 53. Kc7 Re2 54. Kd8 Rd2+ 55. Ke8 Rc2 56. c6 a3 57. Rxa3 Kxh6 58. Rd3 Rxc6 59. Kd7 1-0

[Event "January 2 Late 2024"]
[Site "https://www.chess.com"]
[Date "2024.01.02"]
[Round "2"]
[White "Taboas Rodriguez, Daniel"]
[Black "Bachmann, Axel"]
[Result "1-0"]
[Board "57"]
[TimeControl "180+1"]
[WhiteFideId "2208466"]
[BlackFideId "3700488"]
[WhiteElo "2557"]
[BlackElo "2830"]
[WhiteTeam "ESP"]
[BlackTeam "PAR"]
[WhiteClock "0:01:39"]
[BlackClock "0:01:05"]

1. d4 Nf6 2. Nf3 e6 3. c4 c5 4. e3 cxd4 5. exd4 d5 6. Nc3 Bb4 7. cxd5 Nxd5 8. Qc2 O-O 9. Bd3 Nf6 10. O-O Nbd7 11. Bg5 h6 12. Bh4 b6 13. Ne5 Bb7 14. Nxd7 Qxd7 15. Bxf6 gxf6 16. Be4 f5 17. Bxb7 Qxb7 18. Rad1 Rfd8 19. Rd3 Rac8 20. Qd2 Kh7 21. Rd1 Qe7 22. d5 Rc7 23. d6 1-0

[Event "January 2 Late 2024"]
[Site "https://www.chess.com"]
[Date "2024.01.02"]
[Round "2"]
[White "Kadric, Denis"]
[Black "Mazi, Leon"]
[Result "1-0"]
[Board "58"]
[TimeControl "180+1"]
[WhiteFideId "14403803"]
[BlackFideId "14600315"]
[WhiteElo "2825"]
[BlackElo "2553"]
[WhiteTeam "MNE"]
[BlackTeam "SLO"]
[WhiteClock "0:00:06"]
[BlackClock "0:00:00"]

1. e4 c5 2. Nc3 a6 3. g3 b5 4. Bg2 Bb7 5. Nh3 Nf6 6. O-O e6 7. d3 d6 8. f4 Qc7 9. Nf2 h5 10. h3 Nc6 11. Be3 Be7 12. a4 b4 13. Ne2 d5 14. e5 Nd7 15. c3 a5 16. d4 Ba6 17. Nd3 cxd4 18. cxd4 Qb6 19. b3 f5 20. exf6 Bxf6 21. f5 e5 22. Bxd5 exd4 23. Rc1 Rc8 24. Bf4 Ne7 25. Be6 Rc3 26. Nxc3 bxc3 27. Re1 Nc5 28. Bc4 Bb7 29. Ne5 Ne4 30. Qd3 Nd6 31. Rcd1 Ndxf5 32. Nf7 Rf8 33. Qxf5 Rxf7 34. Qb5+ Qxb5 35. Bxb5+ Kf8 36. Bc4 Nd5 37. Bd6+ Kg8 38. Bc5 c2 39. Rd2 d3 40. Rxd3 Rc7 41. Bxd5+ Bxd5 42. Rxd5 Bb2 43. Be3 c1=Q 44. Bxc1 Bxc1 45. Kg2 Ba3 46. Rb5 Bb4 47. Re2 Rc3 48. Rxh5 Rxb3 49. Rb5 Ra3 50. Rb7 Rxa4 51. h4 Ra3 52. Re4 Bd6 53. Rg4 Be5 54. Rb5 Bf6 55. h5 Kf7 56. Kh3 Ra1 57. Rc4 1-0

[Event "January 2 Late 2024"]
[Site "https://www.chess.com"]
[Date "2024.01.02"]
[Round "2"]
[White "Rama, Tejas"]
[Black "Klukin, Kirill"]
[Result "0-1"]
[Board "59"]
[TimeControl "180+1"]
[WhiteFideId "30907381"]
[BlackFideId "24199273"]
[WhiteElo "2551"]
[BlackElo "2823"]
[WhiteTeam "USA"]
[BlackTeam "RUS"]
[WhiteClock "0:00:15"]
[BlackClock "0:01:07"]

1. d4 Nf6 2. c4 Nc6 3. Nf3 e6 4. g3 Bb4+ 5. Nbd2 O-O 6. Bg2 d6 7. O-O Bxd2 8. Bxd2 e5 9. Bc3 Ne4 10. Qc2 Nxc3 11. Qxc3 Qe7 12. d5 Nb8 13. b4 a5 14. a3 Bf5 15. Nd2 Rc8 16. Nb3 a4 17. Nd2 c6 18. dxc6 Nxc6 19. e3 Rab8 20. Rad1 b5 21. Ne4 Bxe4 22. Bxe4 bxc4 23. Bc2 Qe6 24. Bxa4 d5 25. Bxc6 Rxc6 26. a4 Rd6 27. b5 Rbd8 28. a5 d4 29. exd4 exd4 30. Qb4 c3 31. b6 c2 32. Rd2 d3 33. b7 Rb8 34. Rc1 h6 35. a6 Rxa6 36. Rxd3 Rb6 37. Qd2 R6xb7 38. Rd8+ Rxd8 39. Qxd8+ Kh7 40. Qd3+ g6 41. Qxc2 Rd7 42. Rd1 Re7 43. Qd2 h5 44. h4 Qg4 45. Qd4 Re1+ 46. Kg2 Qxd1 0-1

[Event "January 2 Late 2024"]
[Site "https://www.chess.com"]
[Date "2024.01.02"]
[Round "2"]
[White "Mendez Fortes, Eduardo Jesus"]
[Black "Lysyj, Igor"]
[Result "0-1"]
[Board "60"]
[TimeControl "180+1"]
[WhiteFideId "3502376"]
[BlackFideId "4150120"]
[WhiteElo "2546"]
[BlackElo "2819"]
[WhiteTeam "CUB"]
[BlackTeam "FID"]
[WhiteClock "0:01:36"]
[BlackClock "0:01:06"]

1. e4 e5 2. Nf3 Nc6 3. Bb5 a6 4. Ba4 Nf6 5. O-O Nxe4 6. d4 b5 7. Bb3 d5 8. dxe5 Be6 9. Nbd2 Nc5 10. c3 d4 11. Bxe6 Nxe6 12. cxd4 Ncxd4 13. Ne4 Qd5 14. Nc3 Qc4 15. Be3 Nf5 16. Rc1 Nxe3 17. fxe3 Rd8 18. Qe1 Be7 19. a4 bxa4 20. e4 Bc5+ 21. Kh1 Qb4 22. Qg3 O-O 23. Nd5 Qxb2 24. Rxc5 Nxc5 25. Nf6+ Kh8 26. Nxh7 Qe2 27. Rg1 Nxe4 28. Qh4 0-1

[Event "January 2 Late 2024"]
[Site "https://www.chess.com"]
[Date "2024.01.02"]
[Round "2"]
[White "Klenburg, Michael"]
[Black "Panchenko, Dmitry"]
[Result "0-1"]
[Board "61"]
[TimeControl "180+1"]
[WhiteFideId "14102072"]
[BlackFideId "4169158"]
[WhiteElo "2546"]
[BlackElo "2819"]
[WhiteTeam "ISR"]
[BlackTeam "RUS"]
[WhiteClock "0:00:00"]
[BlackClock "0:01:00"]

1. e4 c6 2. d3 d5 3. Nd2 dxe4 4. dxe4 e5 5. Ngf3 Nd7 6. Nc4 Qc7 7. a4 a5 8. b3 Ngf6 9. Bb2 Bb4+ 10. c3 Bc5 11. Nfd2 b5 12. axb5 cxb5 13. Ne3 Bxe3 14. fxe3 O-O 15. Bxb5 Nc5 16. O-O Ncxe4 17. Nxe4 Nxe4 18. Bc4 Be6 19. Bxe6 fxe6 20. c4 Nc5 21. Qc2 Rxf1+ 22. Rxf1 Rb8 23. Qc3 Rxb3 24. Qxe5 Qxe5 25. Bxe5 Ne4 26. Bd4 a4 27. c5 e5 28. Bxe5 Nxc5 29. Bd6 Ne6 30. Ra1 Rb6 31. Be5 Ra6 32. Ra3 Nc5 33. Kf2 Kf7 34. Ke2 g6 35. Bd4 Nb3 36. Kd3 Ke6 37. Kc4 Kd6 38. Kb5 Ra5+ 39. Kb4 Ra8 40. Bb2 Nc5 41. Bd4 Nb3 42. Bb2 Rb8+ 43. Kc3 Nc5 44. Kc2 Kd5 45. Bd4 Rb4 46. Rc3 Nb3 47. Kd3 Nxd4 48. exd4 Rxd4+ 49. Ke3 Re4+ 50. Kf3 Rb4 51. Rc8 Rb3+ 52. Kf4 a3 53. Ra8 Kc4 54. g4 Kc3 55. h4 Kb2 56. Kg5 Rb7 57. h5 gxh5 58. gxh5 a2 59. h6 a1=Q 0-1